 Dungeon Crawl Stone Soup version 0.30-a0-377-g5cb311bc9f (webtiles) character file.

Game seed: 6832333126630030718

2686 arthad the Cleaver (level 9, 0/74 HPs)
             Began as a Gnoll Cinder Acolyte on Nov 27, 2022.
             Was a Priest of Ignis.
             Slain by a manticore (20 damage)
             ... on level 8 of the Dungeon.
             The game lasted 00:19:34 (6170 turns).

arthad the Cleaver (Gnoll Cinder Acolyte)           Turns: 6170, Time: 00:19:36

Health: 0/74       AC:  7    Str: 13    XL:     9   Next: 64%
Magic:  17/17      EV: 12    Int: 18    God:    Ignis [***...]
Gold:   192        SH:  0    Dex:  8    Spells: 17/19 levels left

rFire   + . .      SeeInvis +    K - +8 battleaxe
rCold   . . .      Faith    .    (shield currently unavailable)
rNeg    . . .      Spirit   .    b - +0 robe
rPois   .          Reflect  .    (no helmet)
rElec   .          Harm     .    z - +1 cloak
rCorr   .          Rampage  .    i - +2 pair of gloves {hurl}
Will    +....                    (no boots)
Stlth   ++........               g - amulet of magic regeneration
HPRegen 0.32/turn                H - ring of willpower
MPRegen 0.55/turn                D - ring of see invisible

@: no status effects
A: fangs 1, strong nose, distributed training
a: Renounce Religion, Fiery Armour, Foxfire Swarm, Rising Flame


You were on level 8 of the Dungeon.
You worshipped Ignis.
Ignis was most pleased with you.
You visited 2 branches of the dungeon, and saw 10 of its levels.

You collected 280 gold pieces.
You spent 88 gold pieces at shops.

Inventory:

Hand Weapons
 a - a -1 hand axe of flaming
 l - a +0 sling
 o - a +2 antimagic spear
 y - a +2 vampiric hand axe
 B - a +0 short sword of electrocution
 I - a +0 war axe
 K - a +8 battleaxe (weapon)
Missiles
 s - 5 atropa-tipped darts
 C - a throwing net
 E - 5 curare-tipped darts
 G - 4 poisoned darts
Armour
 b - a +0 robe (worn)
 i - a +2 pair of gloves of hurling (worn)
 z - a +1 cloak (worn)
Magical Staves
 n - a staff of cold
Jewellery
 g - an amulet of magic regeneration (around neck)
 m - a ring of resist corrosion
 D - a ring of see invisible (right hand)
 H - a ring of willpower (left hand)
 J - a ring of wizardry
Scrolls
 e - 3 scrolls of teleportation
 j - 4 scrolls of noise
 k - a scroll of magic mapping
 p - 2 scrolls of amnesia
 q - a scroll of enchant armour
 r - 4 scrolls of identify
 v - a scroll of poison
Potions
 c - a potion of attraction
 d - 2 potions of resistance
 f - 4 potions of flight
 h - 4 potions of brilliance
 u - 6 potions of curing
 A - 3 potions of lignification {unknown}


   Skills:
 + Level 8.1 Fighting
 + Level 4.6 Short Blades
 + Level 4.6 Long Blades
 + Level 8.1 Axes
 + Level 4.6 Maces & Flails
 + Level 4.6 Polearms
 + Level 4.6 Staves
 + Level 4.6 Ranged Weapons
 + Level 4.6 Throwing
 + Level 4.6 Armour
 + Level 4.6 Dodging
 + Level 4.6 Stealth
 + Level 4.6 Shields
 + Level 4.6 Unarmed Combat
 + Level 5.5 Spellcasting
 + Level 3.8 Conjurations
 + Level 3.8 Hexes
 + Level 3.8 Summonings
 + Level 3.8 Necromancy
 + Level 3.8 Translocations
 + Level 3.8 Transmutations
 + Level 6.7 Fire Magic
 + Level 3.8 Ice Magic
 + Level 3.8 Air Magic
 + Level 3.8 Earth Magic
 + Level 3.8 Poison Magic
 + Level 5.1 Invocations
 + Level 4.6 Evocations


You had 17 spell levels left.
You knew the following spells:

 Your Spells              Type           Power      Damage    Failure   Level
a - Scorch                Fire           58%        2d7       1%          2

Your spell library contained the following spells:

 Spells                   Type           Power      Damage    Failure   Level
 Magic Dart               Conj           72%        1d6       2%          1
 Searing Ray              Conj           36%        2d5       4%          2
 Fulminant Prism          Conj/Hex       9%         3d7       26%         4


Dungeon Overview and Level Annotations

Branches:
Dungeon (9/15)             Temple (1/1) D:6            Lair (0/5) D:9
    Orc: D:9-12

Altars:
Ashenzari
Cheibriados
Dithmenos
Elyvilon
Fedhas
Gozag
Hepliaklqana
Kikubaaqudgha
Makhleb
Nemelex Xobeh
Okawaru
Qazlal
Ru
Sif Muna
Trog
Uskayaw
Vehumet
Wu Jian
Xom
Yredelemnul
Zin
The Shining One

Shops:
D:5 !


Innate Abilities, Weirdness & Mutations

You have very sharp teeth.
Your uncanny sense of smell can sniff out nearby items.
Your experience applies equally to all skills.


Message History

A jelly comes into view.
The manticore flicks its tail.
The volley of spikes hits you!
The barbed spikes become lodged in your body.
The jelly quivers.
The barbs in your skin will harm you if you move.
Continue? [Y]es or [N]o only, please.
The barbs in your skin will harm you if you move.
Continue? [Y]es or [N]o only, please.
The barbs in your skin will harm you if you move.
Continue?
Okay, then.
Casting: Scorch (safe; 1% risk of failure)
Press: ? - help, Q - select action, (/) - cycle Dir - look around, f - activate Flames lash the manticore.
The manticore is lightly wounded.
The manticore's fire resistance burns away.
You barely miss the manticore.
You bite the manticore, but do no damage.
The manticore is lightly wounded.
The manticore is no longer more vulnerable to fire.
The manticore bites you!!
The manticore claws you but does no damage.
The manticore closely misses you.
You slice the manticore!!
The manticore is heavily wounded.
The manticore barely misses you. x2; The manticore claws you!
You closely miss the manticore.
The manticore is heavily wounded.
The manticore bites you.
The manticore claws you but does no damage.
The manticore completely misses you.
A slime creature comes into view.
The slime creature quivers.
You slice the manticore!!
The manticore is almost dead.
You carefully extract the barbed spikes from your body.
The manticore bites you. The manticore claws you.
* * * LOW HITPOINT WARNING * * *
The manticore closely misses you. The manticore bites you!!
You die...

#####
.#####....
.........#
.........#
.........## ##
.....J....#
...
.J....H@..#
...
........).##
#.#
###.###.#)>#
#..#.. ∆#.##.#
..#.###.#.##.#
∆
#OY..Y...##.#
#o# #.##.# #.#
#.##.# ### #.#


You could see a slime creature, a manticore and a jelly.

Vanquished Creatures
  A shadow (D:9)
  3 yaks (D:9)
  A wyvern (D:9)
  A water moccasin (D:7)
  An orc warrior (D:8)
  2 ice beasts
  2 sky beasts (D:8)
  A phantom (D:5)
  2 necrophages (D:6)
  A bullfrog (D:9)
  4 scorpions
  3 wights (D:9)
  A killer bee (D:8)
  2 hounds
  6 orc priests
  2 iguanas
  5 orc wizards
  3 gnolls (D:5)
  9 adders
  A white imp (D:8)
  An ufetubus (D:5)
  2 worms (D:3)
  4 dart slugs
  28 orcs
  5 ball pythons
  2 bats
  5 endoplasms
  8 goblins
  6 hobgoblins
  11 jackals
  A quokka (D:3)
  A frilled lizard (D:1)
  5 kobolds
  7 rats
137 creatures vanquished.

Vanquished Creatures (others)
  26 foxfires (D:9)
  4 plants (D:6)
30 creatures vanquished.

Grand Total: 167 creatures vanquished

Notes
Turn   | Place    | Note
-------+----------+-------------------------------------------
     0 | D:1      | arthad the Gnoll Cinder Acolyte began the quest for the
                  | Orb.
     0 | D:1      | Reached XP level 1. HP: 23/23 MP: 4/4
   182 | D:1      | Reached XP level 2. HP: 29/29 MP: 5/5
   435 | D:1      | Found a faded altar of an unknown god.
   439 | D:1      | Learned a level 2 spell: Scorch
   708 | D:2      | Reached XP level 3. HP: 33/35 MP: 2/7
   716 | D:2      | Reached skill level 1 in Invocations
   947 | D:2      | Reached skill level 1 in Short Blades
   947 | D:2      | Reached skill level 1 in Long Blades
   947 | D:2      | Reached skill level 1 in Maces & Flails
   947 | D:2      | Reached skill level 1 in Polearms
   947 | D:2      | Reached skill level 1 in Staves
   947 | D:2      | Reached skill level 1 in Ranged Weapons
   947 | D:2      | Reached skill level 1 in Throwing
   947 | D:2      | Reached skill level 1 in Armour
   947 | D:2      | Reached skill level 1 in Dodging
   947 | D:2      | Reached skill level 1 in Stealth
   947 | D:2      | Reached skill level 1 in Shields
   947 | D:2      | Reached skill level 1 in Unarmed Combat
   947 | D:2      | Reached skill level 1 in Evocations
  1394 | D:3      | Reached XP level 4. HP: 41/41 MP: 4/8
  1511 | D:3      | Found a hazy altar of Hepliaklqana.
  1527 | D:2      | Reached skill level 1 in Conjurations
  1527 | D:2      | Reached skill level 1 in Hexes
  1527 | D:2      | Reached skill level 1 in Summonings
  1527 | D:2      | Reached skill level 1 in Necromancy
  1527 | D:2      | Reached skill level 1 in Translocations
  1527 | D:2      | Reached skill level 1 in Transmutations
  1527 | D:2      | Reached skill level 1 in Ice Magic
  1527 | D:2      | Reached skill level 1 in Air Magic
  1527 | D:2      | Reached skill level 1 in Earth Magic
  1527 | D:2      | Reached skill level 1 in Poison Magic
  2111 | D:4      | Reached XP level 5. HP: 47/47 MP: 1/9
  2461 | D:5      | Entered Level 5 of the Dungeon
  2461 | D:5      | Found Pekkix's Distillery.
  2467 | D:5      | Bought a potion of curing for 33 gold pieces
  2467 | D:5      | Bought a potion of brilliance for 44 gold pieces
  2467 | D:5      | Bought a potion of degeneration for 11 gold pieces
  2777 | D:5      | Reached XP level 6. HP: 53/53 MP: 3/11
  3206 | D:5      | Reached XP level 7. HP: 27/59 MP: 3/12
  3833 | D:6      | Found a staircase to the Ecumenical Temple.
  3891 | Temple   | Entered the Ecumenical Temple
  4819 | D:6      | Reached XP level 8. HP: 67/67 MP: 8/14
  5110 | D:7      | Noticed a wyvern
  5398 | D:7      | You fall into a shaft and drop 1 floor!
  5416 | D:8      | Noticed a two-headed ogre
  5661 | D:8      | Noticed a yak
  5694 | D:8      | Noticed a cyclops
  5719 | D:9      | Reached XP level 9. HP: 57/73 MP: 3/16
  5910 | D:8      | Noticed a green ugly thing
  5910 | D:8      | Noticed a hornet
  5915 | D:9      | Reached skill level 5 in Spellcasting
  5966 | D:9      | Reached skill level 5 in Invocations
  6158 | D:8      | Noticed a manticore
  6170 | D:8      | Slain by a manticore

Illustrated notes

Levels and vault maps discovered:
D:1:      dpeg_arrival_fog, layout_loops_ring,
          shapermc_ecumenical_altar_mp_ritualfount
D:2:      layout_rooms, dk_noncrumbling_2
D:3:      cheibrodos_pilgrimage, layout_basic, general_overflow_altar
D:4:      layout_cave_pools
D:5:      layout_loops_corners, serial_shops, nicolae_stop_n_shop_1
D:6:      layout_basic, minmay_temple_entry_gardened_gates
D:7:      nicolae_BIG_FREAKIN_CUBE, layout_loops_corners, minivault_1
D:8:      minmay_the_grid_square_5x5_3x3 [minmay_the_grid_square_5x5_forky,
          minmay_the_grid_square_5x5_fat_x, minmay_the_grid_square_5x5_n,
          minmay_the_grid_square_5x5_doubleslash,
          minmay_the_grid_square_5x5_megaprize_open,
          minmay_the_grid_square_5x5_tie,
          minmay_the_grid_square_5x5_beaten_path, minmay_the_grid_square_5x5_c,
          minmay_the_grid_square_5x5_dogpile], layout_basic
D:9:      layout_loops_ring, david_lair_shrubbed, david_defended_altar_orc
Temple:   mainiacjoe_temple_starburst

Skill      XL: |  1  2  3  4  5  6  7  8  9 |
---------------+----------------------------+-----
Invocations    | 1 2 3 4 5 |  5.1
Short Blades   | 1 2 3 4 |  4.6
Long Blades    | 1 2 3 4 |  4.6
Maces & Flails | 1 2 3 4 |  4.6
Polearms       | 1 2 3 4 |  4.6
Staves         | 1 2 3 4 |  4.6
Ranged Weapons | 1 2 3 4 |  4.6
Throwing       | 1 2 3 4 |  4.6
Armour         | 1 2 3 4 |  4.6
Dodging        | 1 2 3 4 |  4.6
Stealth        | 1 2 3 4 |  4.6
Shields        | 1 2 3 4 |  4.6
Unarmed Combat | 1 2 3 4 |  4.6
Evocations     | 1 2 3 4 |  4.6
Spellcasting   | 3 4 5 |  5.5
Conjurations   | 1 2 3 |  3.8
Hexes          | 1 2 3 |  3.8
Summonings     | 1 2 3 |  3.8
Necromancy     | 1 2 3 |  3.8
Translocations | 1 2 3 |  3.8
Transmutations | 1 2 3 |  3.8
Ice Magic      | 1 2 3 |  3.8
Air Magic      | 1 2 3 |  3.8
Earth Magic    | 1 2 3 |  3.8
Poison Magic   | 1 2 3 |  3.8
Fighting       | 7 8 |  8.1
Axes           | 7 8 |  8.1
Fire Magic     | 6 |  6.7

Action                   |  1- 3 |  4- 6 |  7- 9 || total
-------------------------+-------+-------+-------++-------
Melee: Hand axe          |    41 |    24 |     9 ||    74
       Bite              |     2 |     1 |     4 ||     7
       Battleaxe         |       |       |    32 ||    32
Throw: Dart              |       |       |     1 ||     1
 Cast: Scorch            |    25 |    66 |   105 ||   196
Invok: Foxfire Swarm     |       |       |     4 ||     4
       Fiery Armour      |       |       |     1 ||     1
  Use: Scroll            |       |     2 |    10 ||    12
       Potion            |       |       |     4 ||     4
Armor: Robe              |     8 |     9 |    28 ||    45
Dodge: Dodged            |    31 |    22 |    43 ||    96

Table legend: (Time is in decaauts)
 A = Elapsed time spent in this place.
 B = Non-inter-level travel time spent in this place.
 C = Inter-level travel time spent in this place.
 D = Time resting spent in this place.
 E = Time spent auto-exploring this place.
 F = Levels seen in this place.
 G = Mean time per level.
                   A        B        C        D        E       F      G
               +--------+--------+--------+--------+--------+-----+--------+
         Total |   6174 |   5961 |    213 |    685 |   4295 |  10 |  617.4 |
       Dungeon |   5602 |   5437 |    165 |    685 |   3778 |   9 |  622.4 |
        Temple |    571 |    523 |     48 |      0 |    517 |   1 |  571.0 |
               +--------+--------+--------+--------+--------+-----+--------+

Top non-repeatable levels by time:
     D:5: 1208 daAuts
     D:3: 809 daAuts
     D:6: 714 daAuts
     D:1: 624 daAuts
  Temple: 571 daAuts
     D:2: 562 daAuts
     D:4: 463 daAuts
     D:9: 457 daAuts
     D:7: 439 daAuts
     D:8: 322 daAuts
